 Dungeon Crawl Stone Soup version 0.32-a0-473-gd044c6f (webtiles) character file.

Game seed: 3817507218062322129

30 Remcycle the Gusty (level 3, 0/26 HPs)
             Began as a Draconian Air Elementalist on Feb 25, 2024.
             Slain by Terence
             ... wielding a +5 mace of holy wrath
              (8 damage)
             ... on level 2 of the Dungeon.
             The game lasted 00:03:25 (877 turns).

Remcycle the Gusty (Draconian Air Elementalist)      Turns: 877, Time: 00:03:26

Health: 0/26       AC:  5    Str: 12    XL:     3   Next: 5%
Magic:  6/6        EV: 12    Int: 15    God:
Gold:   54         SH:  0    Dex: 11    Spells: 5/6 levels left

rFire   . . .        e - +0 rapier
rCold   . . .        (no shield)
rNeg    . . .        (body armour unavailable)
rPois   .            (helmet restricted)
rElec   .            (no cloak)
rCorr   .            (no gloves)
SInv    .            (no boots)
Will    .....        (no amulet)
Stlth   ++           (no ring)
HPRegen 0.24/turn    (no ring)
MPRegen 0.10/turn

%: no passive effects
@: no status effects
A: AC +5, unfitting armour, cold-blooded
a: no special abilities


You were on level 2 of the Dungeon.
You visited 1 branch of the dungeon, and saw 2 of its levels.

You collected 54 gold pieces.

Inventory:

Hand Weapons
 e - a +0 rapier (weapon)
Scrolls
 c - a scroll of teleportation {unknown}
Potions
 a - a potion of magic
 b - a potion of brilliance {unknown}
 d - 3 potions of curing {unknown}


   Skills:
 + Level 0.7 Short Blades
 - Level 1.7 Dodging
 - Level 1.7 Stealth
 + Level 2.4 Spellcasting
 + Level 1.7 Conjurations
 + Level 3.3 Air Magic


You had 5 spell levels left.
You knew the following spells:

 Your Spells              Type           Power      Damage    Failure   Level
a - Shock                 Conj/Air       36%        1d5       8%          1

Your spell library contained the following spells:

 Spells                   Type           Power      Damage    Failure   Level
 Static Discharge         Conj/Air       18%        3-4/arc   11%         2
 Swiftness                Air            11%        N/A       16%         3
 Hailstorm                Conj/Ice       4%         3d5       41%         3
 Airstrike                Air            5%         2d(1-17)  47%         4
 Summon Ice Beast         Ice/Summ       1%         N/A       54%         3
 Sculpt Simulacrum        Ice/Alch       0%         N/A       100%        6


Dungeon Overview and Level Annotations

Branches:
Dungeon (2/15)

Altars:

Annotations:
D:2 Terence


Innate Abilities, Weirdness & Mutations

Your plain brown scales are hard. (AC +5)
You cannot fit into any form of body armour.
You are cold-blooded and may be slowed by cold attacks.


Message History

You kill the goblin!
You have reached level 3!
Your experience leads to an increase in your attributes!
Increase (S)trength, (I)ntelligence, or (D)exterity?
You feel stronger. x2; Your scales feel tougher.
The hobgoblin hits you but does no damage.
You see here a +0 dagger.
You hit the hobgoblin.
The hobgoblin is heavily wounded.
The hobgoblin closely misses you.
You hit the hobgoblin.
You kill the hobgoblin!
No target in view!
Found a stone staircase leading down.
You see here a hobgoblin corpse.
Found a robe.
No target in view!
You pick up a book of the Tundra and begin reading...
You add the spells Hailstorm, Summon Ice Beast and Sculpt Simulacrum to your library.
A kobold comes into view. It is wielding a +0 whip.
A kobold is nearby!
The kobold hits you with a +0 whip.
You closely miss the kobold. The kobold hits you but does no damage.
You hit the kobold.
The kobold is severely wounded.
The kobold hits you but does no damage.
You hit the kobold.
You kill the kobold!
No target in view!
Terence, a hobgoblin and an endoplasm come into view.
Terence is wielding a +5 mace of holy wrath and wearing a +4 scale mail of fire resistance.
Terence shouts!
The hobgoblin shouts!
You hit Terence.
Terence is lightly wounded.
Terence hits you with a +5 mace of holy wrath!
You hit Terence but do no damage.
Terence is lightly wounded.
Terence hits you with a +5 mace of holy wrath! x2
You die...
Terence says, "Time to find some more victims."

###.. ... #...# #.#
#...# #.# #...# #.#
####### #...# #.#
#.....# .. #...# #.#
#.....##...
##...#####.###..........
........................
##...#####.#####@####.J
##...#####.# #@#
...).......# #g#
############ #.# #.# #.#
..# #..


You could see Terence and a hobgoblin.

Vanquished Creatures
  An adder (D:2)
  A bat (D:1)
  An endoplasm (D:1)
  2 goblins
  4 hobgoblins
  3 kobolds
  4 quokkas (D:1)
  A ball python (D:1)
  A frilled lizard (D:1)
18 creatures vanquished.

Notes
Turn   | Place    | Note
-------+----------+-------------------------------------------
     0 | D:1      | Remcycle the Draconian Air Elementalist began the quest for
                  | the Orb.
     0 | D:1      | Reached XP level 1. HP: 14/14 MP: 3/3
   262 | D:1      | Reached XP level 2. HP: 20/20 MP: 0/5
   831 | D:2      | Reached XP level 3. HP: 25/26 MP: 6/6
   874 | D:2      | Noticed Terence
   877 | D:2      | Slain by Terence

Illustrated notes

Levels and vault maps discovered:
D:1:      dpeg_arrival_boxorama, layout_rooms
D:2:      layout_basic, uniq_natasha, uniq_terence

Action                     || total
---------------------------++-------
  Melee: Dagger            ||    24
         Tailslap          ||     3
         Rapier            ||    30
   Cast: Shock             ||    18
   Stab: Sleeping          ||     1
 Armour: Skin              ||    30
  Dodge: Dodged            ||    31

Table legend: (Time is in decaauts)
 A = Elapsed time spent in this place.
 B = Non-inter-level travel time spent in this place.
 C = Inter-level travel time spent in this place.
 D = Time resting spent in this place.
 E = Time spent auto-exploring this place.
 F = Levels seen in this place.
 G = Mean time per level.
                   A        B        C        D        E       F      G
               +--------+--------+--------+--------+--------+-----+--------+
         Total |    881 |    836 |     45 |      0 |    694 |   2 |  440.5 |
       Dungeon |    881 |    836 |     45 |      0 |    694 |   2 |  440.5 |
               +--------+--------+--------+--------+--------+-----+--------+

Top non-repeatable levels by time:
     D:1: 694 daAuts
     D:2: 186 daAuts
